Blues vs Coyotes (R1)

Created - 29 octobre 2015 at 19:09

Goals
1 2 3 T
Blues 0 0 2 2
Coyotes 1 1 1 3
Shots
1 2 3 T
Blues 5 7 19 31
Coyotes 11 8 11 30

1st period

1. Coyotes , Drew Miller 3 (Tim Connolly) at 11:20 (PP)

Penalties :
Brendon Nash (Ari) for High sticking (Minor) at 2:20, Bryce Lampman (STL) for Interference (Minor) at 11:04, Wade Redden (Ari) for Hooking (Minor) at 11:44, Kevin Shattenkirk (STL) for Hooking (Minor) at 17:01, Tyler Ennis (Ari) for High sticking (Double Minor) at 18:06

2nd period

2. Coyotes , Anton Stralman 2 (Nazem Kadri) at 3:02

Penalties :
Matt Taormina (Ari) for Hooking (Minor) at 6:17, Loui Eriksson (STL) for Delaying the game (Minor) at 14:17, Loui Eriksson (STL) for Interference (Minor) at 16:35

3rd period

3. Blues , Joe Pavelski 8 (Mike Green, Nicklas Backstrom) at 0:08
4. Coyotes , Tim Connolly 8 (Wade Redden, Denis Grebeshkov) at 9:31 (PP)
5. Blues , David Perron 4 (Nicklas Backstrom, Loui Eriksson) at 19:00 (PP)

Penalties :
Joe Pavelski (STL) for Holding (Minor) at 3:13, Mike Green (STL) for Hooking (Minor) at 9:01, Tyler Ennis (Ari) for Delaying the game (Minor) at 9:53, Andrew Cogliano (STL) for Holding (Minor) at 16:38, Marian Gaborik (Ari) for Tripping (Minor) at 17:26, Matt Taormina (Ari) for Attempt to injure (Major / Game Misconduct) at 19:27

Goalie Stats

Tuukka Rask (STL), 27 saves from 30 shots - (0,900), L, 5-4-1, 59:14 minutes
Ryan Miller (Ari), 29 saves from 31 shots - (0,935), W, 6-5-0, 60:00 minutes

Players Stats for Blues

Player Name              G  A  P  +/- PIM S  H  SB GA TA FO     MP     PP MP  PK MP  
------------------------------------------------------------------------------------
Andrew Cogliano          0  0  0   0  2   3  0  0  0  0  0/0    11:56   0:13   2:45 
Bryce Lampman            0  0  0   1  2   0  0  0  0  2  0/0    23:05   0:33   5:05 
David Perron             1  0  1   0  0   4  3  0  1  1  0/0    16:18   5:31   0:27 
Drew Fata                0  0  0  -1  0   2  2  0  0  0  0/0    18:41   0:56   5:29 
Jake Gardiner            0  0  0   0  0   0  0  0  0  0  0/0    16:25   4:18   3:23 
Joe Pavelski             1  0  1   0  2   5  2  0  1  0  0/3    18:02   6:12   0:00 
Kevin Shattenkirk        0  0  0  -1  2   1  1  2  0  0  0/0    20:46   6:42   0:08 
Kyle Okposo              0  0  0   0  0   0  0  0  0  0  0/0     8:58   0:00   0:00 
Lee Stempniak            0  0  0   0  0   1  3  0  0  0  0/0     7:04   0:00   0:00 
Loui Eriksson            0  1  1   0  4   0  1  0  0  1  0/0    16:37   5:31   0:45 
Matthew Spiller          0  0  0   0  0   0  1  0  0  0  0/0    16:09   4:18   3:07 
Mike Green               0  1  1   1  2   1  3  0  0  0  0/0    24:51   7:05   0:00 
Nicklas Backstrom        0  2  2   0  0   3  0  0  1  0  10/16  17:29   5:31   1:05 
Nik Antropov             0  0  0   0  0   2  2  2  0  0  10/19  15:54   0:13   5:09 
Paul Kariya              0  0  0   0  0   1  0  0  1  0  0/0    18:55   6:25   0:00 
Taylor Pyatt             0  0  0   0  0   0  2  0  0  0  1/2    12:15   0:00   5:09 
Travis Zajac             0  0  0   0  0   8  3  0  0  0  5/16   16:51   6:12   0:00 
Tyler Arnason            0  0  0   0  0   0  1  0  0  0  1/3     8:56   0:00   1:52 

Players Stats for Coyotes

Player Name              G  A  P  +/- PIM S  H  SB GA TA FO     MP     PP MP  PK MP  
------------------------------------------------------------------------------------
Adrian Aucoin            0  0  0   1  0   0  0  0  0  0  0/0    14:39   0:00   1:49 
Anton Stralman           1  0  1   1  0   4  1  2  0  1  0/0    23:00   2:52   7:01 
Brendon Nash             0  0  0   0  2   0  1  3  0  0  0/0    10:31   0:00   0:02 
Denis Grebeshkov         0  1  1  -1  0   0  5  2  0  1  0/0    27:07   5:44   7:01 
Drew Miller              1  0  1   0  0   5  0  0  2  1  7/11   22:15   5:14   7:13 
Erik Christensen         0  0  0   0  0   3  1  0  1  0  1/3     6:48   0:00   0:00 
Erik Cole                0  0  0   1  0   2  3  0  0  0  0/0    15:27   0:00   6:53 
Frans Nielsen            0  0  0   0  0   2  1  0  0  0  7/8    13:46   0:00   3:35 
Georges Laraque          0  0  0   1  0   0  1  0  0  0  0/0     8:06   0:00   0:00 
Jan Hlavac               0  0  0   0  0   3  2  0  0  1  0/0    12:28   0:00   4:57 
Jonathan Tremblay        0  0  0   0  0   0  2  0  0  0  0/0     6:48   0:00   0:00 
Marian Gaborik           0  0  0  -1  2   1  6  0  0  0  1/3    18:14   5:13   0:00 
Matt Taormina            0  0  0   0  17  1  0  0  0  0  0/0    19:08   2:52   4:07 
Nazem Kadri              0  1  1   1  0   0  1  0  0  0  3/8    12:37   3:22   0:51 
Sergei Shirokov          0  0  0   0  0   0  1  1  0  0  0/0    13:03   3:22   0:00 
Tim Connolly             1  1  2  -1  0   5  2  0  1  0  13/26  19:12   5:14   0:00 
Tyler Ennis              0  0  0  -1  6   2  1  0  0  0  0/0    16:30   3:21   0:00 
Wade Redden              0  1  1  -1  2   2  1  2  0  0  0/0    26:13   5:44   4:15 

3 Stars

1 - Tim Connolly (Ari)
2 - Anton Stralman (Ari)
3 - David Perron (STL)

Power Play

Blues - 1 on 8 Attempt(s) - 12,50%
Coyotes - 2 on 7 Attempt(s) - 28,57%

Penalty Kill

Blues - 5 on 7 Attempt(s) - 71,43% - Score 0 goal in Penalty Kill
Coyotes - 7 on 8 Attempt(s) - 87,50% - Score 0 goal in Penalty Kill

Team Stat

Blues - Hits : 24 - Faceoff Wins : 27 - Blocked Shots : 4 - Penalty Minutes : 14
Coyotes - Hits : 29 - Faceoff Wins : 32 - Blocked Shots : 10 - Penalty Minutes : 29

Official

Referees : Leggo Mike and Fraser Kerry
Linesman : Mark Shewchyk and Don Henderson

Game Notes

Matt Taormina ejected from game at 19:27 of 3rd period

Finance

Level 1 -- Attendance: 4209 (70,15%) -- Ticket Income 420 900 $
Level 2 -- Attendance: 3543 (70,86%) -- Ticket Income 212 580 $
Level 3 -- Attendance: 1282 (64,10%) -- Ticket Income 48 716 $
Level 4 -- Attendance: 2460 (61,50%) -- Ticket Income 68 880 $
Luxury Box -- Attendance: 699 (69,90%) -- Ticket Income 139 800 $
Game was played at the The Pack Center'
Total Attendance: 12193 (67,74%)
Total Ticket Income: 890 876 $
Other Income: 133 631 $
Total Income: 1 024 507 $

Blues

5 vs 5 Forward 
   Center                   Left Wing                Right Wing               Time % Phy DF OF 
 1 Nicklas Backstrom        Paul Kariya              Joe Pavelski             36     1   2  2  
 2 Travis Zajac             David Perron             Loui Eriksson            32     1   2  2  
 3 Nik Antropov             Andrew Cogliano          Kyle Okposo              22     1   2  2  
 4 Tyler Arnason            Taylor Pyatt             Lee Stempniak            10     1   2  2  

5 vs 5 Defense 
   Defense                  Defense                                           Time % Phy DF OF 
 1 Mike Green               Bryce Lampman                                     40     1   2  2  
 2 Kevin Shattenkirk        Drew Fata                                         30     1   2  2  
 3 Matthew Spiller          Jake Gardiner                                     20     1   2  2  
 4 Mike Green               Kevin Shattenkirk                                 10     1   2  2  

PowerPlay Forward 
   Center                   Left Wing                Right Wing               Time % Phy DF OF 
 1 Travis Zajac             Paul Kariya              Joe Pavelski             60     1   2  2  
 2 Nicklas Backstrom        David Perron             Loui Eriksson            40     1   2  2  

PowerPlay Defense
   Defense                  Defense                                           Time % Phy DF OF 
 1 Mike Green               Kevin Shattenkirk                                 60     1   2  2  
 2 Matthew Spiller          Jake Gardiner                                     40     1   2  2  

Penalty Kill 4 Players Forward 
   Center                   Wing                     Time % Phy DF OF 
 1 Nik Antropov             Taylor Pyatt             60     1   2  2  
 2 Tyler Arnason            Andrew Cogliano          40     1   2  2  

Penalty Kill 4 Players Defense
   Defense                  Defense                  Time % Phy DF OF 
 1 Bryce Lampman            Drew Fata                60     1   2  2  
 2 Matthew Spiller          Jake Gardiner            40     1   2  2  

Penalty Kill - 3 Players Forward 
   Forward                                           Time % Phy DF OF 
 1 Andrew Cogliano                                   60     1   2  2  
 2 Nik Antropov                                      40     1   2  2  

Penalty Kill - 3 Players Defense
   Defense                  Defense                  Time % Phy DF OF 
 1 Drew Fata                Jake Gardiner            60     1   2  2  
 2 Drew Fata                Matthew Spiller          40     1   2  2  

4 vs 4 Forward 
   Center                   Wing                     Time % Phy DF OF 
 1 Nik Antropov             Paul Kariya              60     1   2  2  
 2 Travis Zajac             Joe Pavelski             40     1   2  2  

4 vs 4 Defense
   Defense                  Defense                  Time % Phy DF OF 
 1 Kevin Shattenkirk        Bryce Lampman            60     1   2  2  
 2 Mike Green               Drew Fata                40     1   2  2  

Last Minutes Offensive
   Center                   Left Wing                Right Wing               Defense                  Defense                  
   Nicklas Backstrom        Paul Kariya              Joe Pavelski             Kevin Shattenkirk        Mike Green               

Last Minutes Defensive
   Center                   Left Wing                Right Wing               Defense                  Defense                  
   Nik Antropov             Taylor Pyatt             Joe Pavelski             Bryce Lampman            Drew Fata                

Goaltenders
Starting : Tuukka Rask              
Backup : Adam Munro               

Extra Forwards
Normal : Andrew Cogliano, Taylor Pyatt, Joe Pavelski - PP : Andrew Cogliano, Taylor Pyatt - PK : Loui Eriksson
Extra Defensemen
Normal : Drew Fata, Kevin Shattenkirk, Bryce Lampman - PP : Matthew Spiller - PK : Jake Gardiner, Kevin Shattenkirk
Penalty Shots
David Perron, Mike Green, Joe Pavelski, Andrew Cogliano, Travis Zajac

Coyotes

5 vs 5 Forward 
   Center                   Left Wing                Right Wing               Time % Phy DF OF 
 1 Tim Connolly             Tyler Ennis              Marian Gaborik           34     0   1  4  
 2 Frans Nielsen            Drew Miller              Sergei Shirokov          29     1   2  2  
 3 Nazem Kadri              Erik Cole                Georges Laraque          26     2   2  1  
 4 Erik Christensen         Jan Hlavac               Jonathan Tremblay        11     1   3  1  

5 vs 5 Defense 
   Defense                  Defense                                           Time % Phy DF OF 
 1 Denis Grebeshkov         Wade Redden                                       40     1   1  3  
 2 Adrian Aucoin            Anton Stralman                                    32     1   3  1  
 3 Brendon Nash             Matt Taormina                                     27     1   2  2  
 4 Anton Stralman           Denis Grebeshkov                                  1      0   4  1  

PowerPlay Forward 
   Center                   Left Wing                Right Wing               Time % Phy DF OF 
 1 Tim Connolly             Drew Miller              Marian Gaborik           60     0   0  5  
 2 Nazem Kadri              Tyler Ennis              Sergei Shirokov          40     0   0  5  

PowerPlay Defense
   Defense                  Defense                                           Time % Phy DF OF 
 1 Wade Redden              Denis Grebeshkov                                  60     0   0  5  
 2 Anton Stralman           Matt Taormina                                     40     0   0  5  

Penalty Kill 4 Players Forward 
   Center                   Wing                     Time % Phy DF OF 
 1 Drew Miller              Erik Cole                60     0   5  0  
 2 Frans Nielsen            Jan Hlavac               40     0   5  0  

Penalty Kill 4 Players Defense
   Defense                  Defense                  Time % Phy DF OF 
 1 Denis Grebeshkov         Anton Stralman           60     0   5  0  
 2 Wade Redden              Matt Taormina            40     0   5  0  

Penalty Kill - 3 Players Forward 
   Forward                                           Time % Phy DF OF 
 1 Drew Miller                                       60     0   5  0  
 2 Erik Cole                                         40     0   5  0  

Penalty Kill - 3 Players Defense
   Defense                  Defense                  Time % Phy DF OF 
 1 Brendon Nash             Wade Redden              60     0   5  0  
 2 Denis Grebeshkov         Anton Stralman           40     0   5  0  

4 vs 4 Forward 
   Center                   Wing                     Time % Phy DF OF 
 1 Tim Connolly             Marian Gaborik           56     1   1  3  
 2 Frans Nielsen            Drew Miller              44     1   2  2  

4 vs 4 Defense
   Defense                  Defense                  Time % Phy DF OF 
 1 Matt Taormina            Wade Redden              56     1   3  1  
 2 Denis Grebeshkov         Anton Stralman           44     1   3  1  

Last Minutes Offensive
   Center                   Left Wing                Right Wing               Defense                  Defense                  
   Tim Connolly             Drew Miller              Marian Gaborik           Denis Grebeshkov         Wade Redden              

Last Minutes Defensive
   Center                   Left Wing                Right Wing               Defense                  Defense                  
   Frans Nielsen            Drew Miller              Erik Cole                Matt Taormina            Anton Stralman           

Goaltenders
Starting : Ryan Miller              
Backup : Marc Denis               

Extra Forwards
Normal : Marian Gaborik, Tim Connolly, Sergei Shirokov - PP : Erik Cole, Erik Christensen - PK : Jan Hlavac
Extra Defensemen
Normal : Wade Redden, Denis Grebeshkov, Anton Stralman - PP : Wade Redden - PK : Anton Stralman, Denis Grebeshkov
Penalty Shots
Tyler Ennis, Marian Gaborik, Tim Connolly, Jan Hlavac, Sergei Shirokov

% Time on Ice - Blues

Lines # - Real PCT - Wanted PCT - Time Play
Normal Forward
1 - 30% - 36% - 10:54
2 - 27% - 32% - 10:00
3 - 24% - 22% - 8:58
4 - 19% - 10% - 7:04
Normal Defense
1 - 45% - 40% - 16:44
2 - 29% - 30% - 10:39
3 - 22% - 20% - 7:58
4 - 4% - 10% - 1:35
PP Forward
1 - 54% - 60% - 6:25
2 - 46% - 40% - 5:31
PP Defense
1 - 61% - 60% - 7:15
2 - 39% - 40% - 4:41
PK Forward
1 - 78% - 60% - 6:44
2 - 22% - 40% - 1:52
PK Defense
1 - 64% - 60% - 5:29
2 - 36% - 40% - 3:07
PK3 Forward
1 - 0% - 60%
2 - 0% - 40%
PK3 Defense
1 - 0% - 60%
2 - 0% - 40%
44 Forward
1 - 74% - 60% - 1:32
2 - 26% - 40% - 0:33
44 Defense
1 - 88% - 60% - 1:50
2 - 12% - 40% - 0:15
Last Minute Offensive  - 0:27
Last Minute Defensive  - 0:00
Total
Forward - 60:00
Defense - 60:00

% Time on Ice - Coyotes

Lines # - Real PCT - Wanted PCT - Time Play
Normal Forward
1 - 34% - 34% - 12:31
2 - 26% - 29% - 9:31
3 - 22% - 26% - 8:06
4 - 18% - 11% - 6:48
Normal Defense
1 - 38% - 40% - 14:02
2 - 35% - 32% - 12:46
3 - 27% - 27% - 10:08
4 - 0% - 1% - 0:00
PP Forward
1 - 61% - 60% - 5:14
2 - 39% - 40% - 3:22
PP Defense
1 - 67% - 60% - 5:44
2 - 33% - 40% - 2:52
PK Forward
1 - 70% - 60% - 8:21
2 - 30% - 40% - 3:35
PK Defense
1 - 55% - 60% - 6:33
2 - 45% - 40% - 5:23
PK3 Forward
1 - 0% - 60%
2 - 0% - 40%
PK3 Defense
1 - 0% - 60%
2 - 0% - 40%
44 Forward
1 - 88% - 56% - 1:50
2 - 12% - 44% - 0:15
44 Defense
1 - 67% - 56% - 1:24
2 - 33% - 44% - 0:41
Last Minute Offensive  - 0:00
Last Minute Defensive  - 0:27
Total
Forward - 60:00
Defense - 60:00

Play by Play

1st period


0:01 of 1st period - Nicklas Backstrom wins face-off versus Tim Connolly in neutral zone.
0:15 of 1st period - Slapshot by Tim Connolly.
0:15 of 1st period - Stopped by Tuukka Rask with a rebound.
0:17 of 1st period - Snap shot by Wade Redden.
0:17 of 1st period - Shot Misses the Net.
0:37 of 1st period - Snap shot by David Perron.
0:37 of 1st period - Stopped by Ryan Miller with a rebound.
0:39 of 1st period - Slapshot by Travis Zajac.
0:39 of 1st period - Deflect By Frans Nielsen.
0:39 of 1st period - Stopped by Ryan Miller with a rebound.
0:41 of 1st period - Snap shot by Loui Eriksson.
0:41 of 1st period - Shot Blocked by Wade Redden.
1:15 of 1st period - Snap shot by Erik Christensen.
1:15 of 1st period - Stopped by Tuukka Rask without a rebound.
1:16 of 1st period - Nicklas Backstrom wins face-off versus Erik Christensen in Blues zone.
2:20 of 1st period - Minor Penalty to Brendon Nash for High sticking.
2:21 of 1st period - Drew Miller wins face-off versus Travis Zajac in Coyotes zone.
2:21 of 1st period - Drew Miller is hit by Joe Pavelski.
2:52 of 1st period - Snap shot by Nicklas Backstrom.
2:52 of 1st period - Shot Misses the Net.
4:20 of 1st period - Penalty to Brendon Nash is over, Brendon Nash is back on ice.
4:26 of 1st period - Jake Gardiner is hit by Marian Gaborik and loses puck.
4:33 of 1st period - Andrew Cogliano is hit by Marian Gaborik and loses puck.
5:09 of 1st period - Taylor Pyatt is hit by Denis Grebeshkov and loses puck.
5:26 of 1st period - Bryce Lampman is hit by Erik Cole and loses puck.
5:37 of 1st period - Bryce Lampman is hit by Jan Hlavac and loses puck.
6:20 of 1st period - Drew Fata is hit by Erik Christensen and loses puck.
6:37 of 1st period - Tyler Ennis is hit by Lee Stempniak and loses puck.
7:04 of 1st period - Wrist shot by Drew Miller.
7:04 of 1st period - Shot Misses the Net.
7:06 of 1st period - Wrist shot by Erik Cole.
7:06 of 1st period - Shot Misses the Net.
7:08 of 1st period - Slapshot by Matt Taormina.
7:08 of 1st period - Shot Blocked by Nik Antropov.
7:10 of 1st period - Slapshot by Matt Taormina.
7:10 of 1st period - Deflect By Nik Antropov.
7:10 of 1st period - Stopped by Tuukka Rask with a rebound.
7:34 of 1st period - Matthew Spiller is hit by Sergei Shirokov and loses puck.
7:59 of 1st period - Adrian Aucoin is hit by Nik Antropov and loses puck.
8:04 of 1st period - Snap shot by Nik Antropov.
8:04 of 1st period - Shot Blocked by Anton Stralman.
8:06 of 1st period - Slapshot by Drew Fata.
8:06 of 1st period - Deflect By Anton Stralman.
8:06 of 1st period - Stopped by Ryan Miller without a rebound.
8:07 of 1st period - Nicklas Backstrom wins face-off versus Nazem Kadri in Coyotes zone.
8:20 of 1st period - Slapshot by Nazem Kadri.
8:20 of 1st period - Shot Blocked by Kevin Shattenkirk.
8:22 of 1st period - Slapshot by Wade Redden.
8:22 of 1st period - Shot Hit the Post.
8:32 of 1st period - Wade Redden is hit by Travis Zajac and loses puck.
8:59 of 1st period - Off-side.
9:00 of 1st period - Nicklas Backstrom wins face-off versus Tim Connolly in neutral zone.
9:11 of 1st period - Snap shot by Nicklas Backstrom.
9:11 of 1st period - Shot Misses the Net.
9:17 of 1st period - Jake Gardiner is hit by Tim Connolly and loses puck.
9:27 of 1st period - Icing by Travis Zajac.
9:28 of 1st period - Frans Nielsen wins face-off versus Travis Zajac in Blues zone.
9:29 of 1st period - Wrist shot by Drew Miller.
9:29 of 1st period - Stopped by Tuukka Rask with a rebound.
9:31 of 1st period - Snap shot by Anton Stralman.
9:31 of 1st period - Stopped by Tuukka Rask with a rebound.
9:41 of 1st period - Drew Miller is hit by Travis Zajac and loses puck.
9:57 of 1st period - Icing by Joe Pavelski.
9:58 of 1st period - Tim Connolly wins face-off versus Nicklas Backstrom in Blues zone.
10:35 of 1st period - Wrist shot by David Perron.
10:35 of 1st period - Deflect By Travis Zajac.
10:35 of 1st period - Shot Misses the Net.
10:35 of 1st period - Puck is out of play.
10:36 of 1st period - Frans Nielsen wins face-off versus Travis Zajac in Coyotes zone.
10:45 of 1st period - Snap shot by Drew Miller.
10:45 of 1st period - Stopped by Tuukka Rask with a rebound.
11:04 of 1st period - Minor Penalty to Bryce Lampman for Interference.
11:05 of 1st period - Taylor Pyatt wins face-off versus Tim Connolly in Blues zone.
11:18 of 1st period - Slapshot by Tim Connolly.
11:18 of 1st period - Stopped by Tuukka Rask without a rebound.
11:19 of 1st period - Tim Connolly wins face-off versus Nik Antropov in Blues zone.
11:20 of 1st period - Backhand shot by Drew Miller.
11:20 of 1st period - Goal by Drew Miller - Blues : 0 - Coyotes : 1.
11:21 of 1st period - Nicklas Backstrom wins face-off versus Tim Connolly in neutral zone.
11:21 of 1st period - Nicklas Backstrom is hit by Tyler Ennis.
11:44 of 1st period - Minor Penalty to Wade Redden for Hooking.
11:45 of 1st period - Drew Miller wins face-off versus Travis Zajac in Coyotes zone.
11:59 of 1st period - Off-side.
12:00 of 1st period - Drew Miller wins face-off versus Travis Zajac in neutral zone.
12:13 of 1st period - Slapshot by Joe Pavelski.
12:13 of 1st period - Shot Blocked by Denis Grebeshkov.
12:15 of 1st period - Wrist shot by Paul Kariya.
12:15 of 1st period - Shot Misses the Net.
12:52 of 1st period - Erik Cole is hit by Matthew Spiller and loses puck.
13:44 of 1st period - Penalty to Wade Redden is over, Wade Redden is back on ice.
13:59 of 1st period - Matthew Spiller is hit by Denis Grebeshkov and loses puck.
14:14 of 1st period - Mike Green is hit by Georges Laraque and loses puck.
16:37 of 1st period - Jake Gardiner is hit by Denis Grebeshkov.
17:01 of 1st period - Minor Penalty to Kevin Shattenkirk for Hooking.
17:02 of 1st period - Marian Gaborik wins face-off versus Nik Antropov in Blues zone.
17:07 of 1st period - Snap shot by Tim Connolly.
17:07 of 1st period - Shot Misses the Net.
17:09 of 1st period - Slapshot by Anton Stralman.
17:09 of 1st period - Stopped by Tuukka Rask with a rebound.
17:11 of 1st period - Slapshot by Anton Stralman.
17:11 of 1st period - Shot Blocked by Nik Antropov.
17:13 of 1st period - Snap shot by Anton Stralman.
17:13 of 1st period - Stopped by Tuukka Rask without a rebound.
17:14 of 1st period - Drew Miller wins face-off versus Nik Antropov in Blues zone.
17:25 of 1st period - Snap shot by Tim Connolly.
17:25 of 1st period - Stopped by Tuukka Rask without a rebound.
17:26 of 1st period - Tim Connolly wins face-off versus Taylor Pyatt in Blues zone.
17:47 of 1st period - Drew Fata is hit by Marian Gaborik and loses puck.
17:57 of 1st period - Off-side.
17:58 of 1st period - Tyler Arnason wins face-off versus Nazem Kadri in neutral zone.
18:03 of 1st period - Wrist shot by Tyler Arnason.
18:03 of 1st period - Deflect By Andrew Cogliano.
18:03 of 1st period - Stopped by Ryan Miller without a rebound.
18:04 of 1st period - Nazem Kadri wins face-off versus Tyler Arnason in Coyotes zone.
18:06 of 1st period - Double Minor Penalty to Tyler Ennis for High sticking.
18:07 of 1st period - Tim Connolly wins face-off versus Nik Antropov in Coyotes zone.
18:23 of 1st period - Wrist shot by Nik Antropov.
18:23 of 1st period - Stopped by Ryan Miller with a rebound.
19:01 of 1st period - Penalty to Kevin Shattenkirk is over, Kevin Shattenkirk is back on ice.
Goals for this period are 0 for Blues vs 1 for Coyotes.
Shots for this period are 5 for Blues vs 11 for Coyotes.

2nd period


0:01 of 2nd period - Drew Miller wins face-off versus Travis Zajac in neutral zone.
0:06 of 2nd period - Slapshot by Denis Grebeshkov.
0:06 of 2nd period - Shot Blocked by Kevin Shattenkirk.
0:55 of 2nd period - Frans Nielsen is hit by David Perron and loses puck.
1:00 of 2nd period - Slapshot by Nicklas Backstrom.
1:00 of 2nd period - Deflect By Matt Taormina.
1:00 of 2nd period - Shot Hit the Post.
1:00 of 2nd period - Puck is out of play.
1:01 of 2nd period - Travis Zajac wins face-off versus Drew Miller in Coyotes zone.
1:02 of 2nd period - Wrist shot by Joe Pavelski.
1:02 of 2nd period - Deflect By Travis Zajac.
1:02 of 2nd period - Shot Misses the Net.
1:02 of 2nd period - Puck is out of play.
1:03 of 2nd period - Drew Miller wins face-off versus Joe Pavelski in Coyotes zone.
1:22 of 2nd period - Anton Stralman is hit by Travis Zajac and loses puck.
2:06 of 2nd period - Penalty to Tyler Ennis is over, Tyler Ennis is back on ice.
2:21 of 2nd period - Matt Taormina is hit by Taylor Pyatt and loses puck.
2:26 of 2nd period - Wrist shot by Taylor Pyatt.
2:26 of 2nd period - Shot Hit the Post.
2:34 of 2nd period - Slapshot by Wade Redden.
2:34 of 2nd period - Shot Hit the Post.
2:50 of 2nd period - Snap shot by Frans Nielsen.
2:50 of 2nd period - Stopped by Tuukka Rask without a rebound.
2:51 of 2nd period - Nicklas Backstrom wins face-off versus Nazem Kadri in Blues zone.
2:58 of 2nd period - Slapshot by Anton Stralman.
2:58 of 2nd period - Shot Misses the Net.
3:00 of 2nd period - Snap shot by Erik Cole.
3:00 of 2nd period - Stopped by Tuukka Rask without a rebound.
3:01 of 2nd period - Nazem Kadri wins face-off versus Nicklas Backstrom in Blues zone.
3:02 of 2nd period - Slapshot by Anton Stralman.
3:02 of 2nd period - Goal by Anton Stralman - Blues : 0 - Coyotes : 2.
3:03 of 2nd period - Tim Connolly wins face-off versus Nicklas Backstrom in neutral zone.
4:11 of 2nd period - Jake Gardiner is hit by Tim Connolly and loses puck.
4:24 of 2nd period - Wrist shot by Jake Gardiner.
4:24 of 2nd period - Shot Blocked by Anton Stralman.
4:57 of 2nd period - Backhand shot by Frans Nielsen.
4:57 of 2nd period - Shot Misses the Net.
4:59 of 2nd period - Snap shot by Frans Nielsen.
4:59 of 2nd period - Stopped by Tuukka Rask with a rebound.
5:01 of 2nd period - Snap shot by Drew Miller.
5:01 of 2nd period - Shot Misses the Net.
5:32 of 2nd period - Snap shot by Lee Stempniak.
5:32 of 2nd period - Stopped by Ryan Miller without a rebound.
5:33 of 2nd period - Tim Connolly wins face-off versus Tyler Arnason in Coyotes zone.
5:45 of 2nd period - Matt Taormina is hit by Lee Stempniak and loses puck.
5:58 of 2nd period - Tim Connolly is hit by Loui Eriksson and loses puck.
6:17 of 2nd period - Minor Penalty to Matt Taormina for Hooking.
6:18 of 2nd period - Travis Zajac wins face-off versus Drew Miller in Coyotes zone.
6:25 of 2nd period - Slapshot by Kevin Shattenkirk.
6:25 of 2nd period - Stopped by Ryan Miller with a rebound.
6:27 of 2nd period - Wrist shot by Travis Zajac.
6:27 of 2nd period - Stopped by Ryan Miller without a rebound.
6:28 of 2nd period - Travis Zajac wins face-off versus Drew Miller in Coyotes zone.
6:41 of 2nd period - Erik Cole is hit by Mike Green and loses puck.
8:17 of 2nd period - Penalty to Matt Taormina is over, Matt Taormina is back on ice.
8:31 of 2nd period - Marian Gaborik is hit by Mike Green and loses puck.
8:36 of 2nd period - Snap shot by Andrew Cogliano.
8:36 of 2nd period - Shot Blocked by Brendon Nash.
8:51 of 2nd period - Off-side.
8:52 of 2nd period - Erik Christensen wins face-off versus Nik Antropov in neutral zone.
9:19 of 2nd period - Marian Gaborik is hit by Tyler Arnason.
9:31 of 2nd period - Joe Pavelski is hit by Frans Nielsen and loses puck.
9:40 of 2nd period - Snap shot by Sergei Shirokov.
9:40 of 2nd period - Deflect By Drew Miller.
9:40 of 2nd period - Shot Misses the Net.
9:40 of 2nd period - Puck is out of play.
9:41 of 2nd period - Travis Zajac wins face-off versus Nazem Kadri in Blues zone.
9:54 of 2nd period - Wrist shot by David Perron.
9:54 of 2nd period - Stopped by Ryan Miller with a rebound.
10:10 of 2nd period - Paul Kariya is hit by Marian Gaborik and loses puck.
10:17 of 2nd period - Wrist shot by Nicklas Backstrom.
10:17 of 2nd period - Stopped by Ryan Miller with a rebound.
10:27 of 2nd period - Snap shot by Drew Miller.
10:27 of 2nd period - Stopped by Tuukka Rask without a rebound.
10:28 of 2nd period - Frans Nielsen wins face-off versus Nik Antropov in Blues zone.
10:55 of 2nd period - Nazem Kadri is hit by Joe Pavelski and loses puck.
11:16 of 2nd period - Slapshot by David Perron.
11:16 of 2nd period - Shot Misses the Net.
11:53 of 2nd period - Wrist shot by Nicklas Backstrom.
11:53 of 2nd period - Shot Misses the Net.
11:57 of 2nd period - Slapshot by Joe Pavelski.
11:57 of 2nd period - Stopped by Ryan Miller with a rebound.
12:13 of 2nd period - Andrew Cogliano is hit by Erik Cole and loses puck.
12:34 of 2nd period - Wade Redden is hit by Lee Stempniak and loses puck.
13:27 of 2nd period - Snap shot by Wade Redden.
13:27 of 2nd period - Deflect By Mike Green.
13:27 of 2nd period - Stopped by Tuukka Rask with a rebound.
14:17 of 2nd period - Minor Penalty to Loui Eriksson for Delaying the game.
14:18 of 2nd period - Tim Connolly wins face-off versus Nik Antropov in Blues zone.
14:18 of 2nd period - Wrist shot by Drew Miller.
14:18 of 2nd period - Stopped by Tuukka Rask with a rebound.
16:17 of 2nd period - Penalty to Loui Eriksson is over, Loui Eriksson is back on ice.
16:24 of 2nd period - Travis Zajac is hit by Jonathan Tremblay and loses puck.
16:29 of 2nd period - Wrist shot by Erik Christensen.
16:29 of 2nd period - Stopped by Tuukka Rask with a rebound.
16:31 of 2nd period - Snap shot by Jonathan Tremblay.
16:31 of 2nd period - Shot Misses the Net.
16:33 of 2nd period - Snap shot by Anton Stralman.
16:33 of 2nd period - Shot Misses the Net.
16:35 of 2nd period - Minor Penalty to Loui Eriksson for Interference.
16:36 of 2nd period - Nik Antropov wins face-off versus Marian Gaborik in Blues zone.
16:44 of 2nd period - Icing by Drew Miller.
16:45 of 2nd period - Nik Antropov wins face-off versus Tim Connolly in Coyotes zone.
18:35 of 2nd period - Penalty to Loui Eriksson is over, Loui Eriksson is back on ice.
18:59 of 2nd period - Mike Green is hit by Erik Cole and loses puck.
19:23 of 2nd period - Anton Stralman is hit by Drew Fata and loses puck.
19:33 of 2nd period - Off-side.
19:34 of 2nd period - Frans Nielsen wins face-off versus Nik Antropov in neutral zone.
19:38 of 2nd period - Off-side.
19:39 of 2nd period - Nik Antropov wins face-off versus Marian Gaborik in neutral zone.
19:48 of 2nd period - Snap shot by Andrew Cogliano.
19:48 of 2nd period - Stopped by Ryan Miller without a rebound.
19:49 of 2nd period - Nicklas Backstrom wins face-off versus Tim Connolly in Coyotes zone.
Goals for this period are 0 for Blues vs 1 for Coyotes.
Shots for this period are 7 for Blues vs 8 for Coyotes.

3rd period


0:01 of 3rd period - Nicklas Backstrom wins face-off versus Tim Connolly in neutral zone.
0:08 of 3rd period - Wrist shot by Joe Pavelski.
0:08 of 3rd period - Goal by Joe Pavelski - Blues : 1 - Coyotes : 2.
0:09 of 3rd period - Tim Connolly wins face-off versus Joe Pavelski in neutral zone.
0:40 of 3rd period - Off-side.
0:41 of 3rd period - Nazem Kadri wins face-off versus Travis Zajac in neutral zone.
0:50 of 3rd period - Snap shot by Nazem Kadri.
0:50 of 3rd period - Shot Misses the Net.
0:58 of 3rd period - Snap shot by Travis Zajac.
0:58 of 3rd period - Stopped by Ryan Miller with a rebound.
1:00 of 3rd period - Slapshot by Drew Fata.
1:00 of 3rd period - Stopped by Ryan Miller with a rebound.
1:02 of 3rd period - Wrist shot by Travis Zajac.
1:02 of 3rd period - Stopped by Ryan Miller without a rebound.
1:03 of 3rd period - Nicklas Backstrom wins face-off versus Frans Nielsen in Coyotes zone.
1:14 of 3rd period - Wrist shot by Paul Kariya.
1:14 of 3rd period - Shot Misses the Net.
1:16 of 3rd period - Snap shot by Nicklas Backstrom.
1:16 of 3rd period - Shot Misses the Net.
1:18 of 3rd period - Snap shot by Joe Pavelski.
1:18 of 3rd period - Stopped by Ryan Miller without a rebound.
1:19 of 3rd period - Tim Connolly wins face-off versus Travis Zajac in Coyotes zone.
1:37 of 3rd period - Denis Grebeshkov is hit by Mike Green and loses puck.
1:48 of 3rd period - Slapshot by Mike Green.
1:48 of 3rd period - Shot Misses the Net.
3:13 of 3rd period - Minor Penalty to Joe Pavelski for Holding.
3:14 of 3rd period - Nik Antropov wins face-off versus Tim Connolly in Blues zone.
3:25 of 3rd period - Nik Antropov is hit by Marian Gaborik and loses puck.
3:47 of 3rd period - Tyler Ennis is hit by Drew Fata and loses puck.
4:17 of 3rd period - Snap shot by Tyler Arnason.
4:17 of 3rd period - Shot Misses the Net.
4:57 of 3rd period - Tim Connolly is hit by David Perron and loses puck.
5:13 of 3rd period - Penalty to Joe Pavelski is over, Joe Pavelski is back on ice.
5:16 of 3rd period - Snap shot by Sergei Shirokov.
5:16 of 3rd period - Shot Misses the Net.
5:18 of 3rd period - Wrist shot by Jan Hlavac.
5:18 of 3rd period - Stopped by Tuukka Rask with a rebound.
5:26 of 3rd period - Slapshot by Erik Christensen.
5:26 of 3rd period - Stopped by Tuukka Rask with a rebound.
5:42 of 3rd period - Wrist shot by Joe Pavelski.
5:42 of 3rd period - Stopped by Ryan Miller with a rebound.
6:06 of 3rd period - Icing by Frans Nielsen.
6:07 of 3rd period - Frans Nielsen wins face-off versus Nik Antropov in Coyotes zone.
6:12 of 3rd period - Wrist shot by Nik Antropov.
6:12 of 3rd period - Stopped by Ryan Miller without a rebound.
6:13 of 3rd period - Tim Connolly wins face-off versus Joe Pavelski in Coyotes zone.
6:29 of 3rd period - Wrist shot by Nicklas Backstrom.
6:29 of 3rd period - Stopped by Ryan Miller without a rebound.
6:30 of 3rd period - Frans Nielsen wins face-off versus Travis Zajac in Coyotes zone.
6:30 of 3rd period - Frans Nielsen is hit by David Perron.
6:56 of 3rd period - Mike Green is hit by Denis Grebeshkov and loses puck.
7:03 of 3rd period - Slapshot by Erik Cole.
7:03 of 3rd period - Stopped by Tuukka Rask without a rebound.
7:04 of 3rd period - Tim Connolly wins face-off versus Nicklas Backstrom in Blues zone.
7:07 of 3rd period - Wrist shot by Tyler Ennis.
7:07 of 3rd period - Shot Misses the Net.
7:13 of 3rd period - Wrist shot by Joe Pavelski.
7:13 of 3rd period - Shot Misses the Net.
7:15 of 3rd period - Snap shot by Nicklas Backstrom.
7:15 of 3rd period - Shot Misses the Net.
7:31 of 3rd period - Drew Miller is hit by Nik Antropov and loses puck.
7:40 of 3rd period - Kyle Okposo is hit by Wade Redden and loses puck.
7:51 of 3rd period - Slapshot by Andrew Cogliano.
7:51 of 3rd period - Shot Misses the Net.
7:53 of 3rd period - Wrist shot by Travis Zajac.
7:53 of 3rd period - Stopped by Ryan Miller with a rebound.
7:55 of 3rd period - Snap shot by Travis Zajac.
7:55 of 3rd period - Shot Misses the Net.
7:57 of 3rd period - Wrist shot by David Perron.
7:57 of 3rd period - Stopped by Ryan Miller with a rebound.
7:59 of 3rd period - Snap shot by Travis Zajac.
7:59 of 3rd period - Stopped by Ryan Miller with a rebound.
8:15 of 3rd period - Slapshot by Paul Kariya.
8:15 of 3rd period - Stopped by Ryan Miller without a rebound.
8:16 of 3rd period - Nicklas Backstrom wins face-off versus Erik Christensen in Coyotes zone.
8:17 of 3rd period - Slapshot by Joe Pavelski.
8:17 of 3rd period - Stopped by Ryan Miller with a rebound.
8:19 of 3rd period - Snap shot by Nicklas Backstrom.
8:19 of 3rd period - Stopped by Ryan Miller with a rebound.
8:21 of 3rd period - Wrist shot by Mike Green.
8:21 of 3rd period - Stopped by Ryan Miller with a rebound.
8:23 of 3rd period - Slapshot by Mike Green.
8:23 of 3rd period - Shot Blocked by Brendon Nash.
8:25 of 3rd period - Wrist shot by Mike Green.
8:25 of 3rd period - Shot Blocked by Brendon Nash.
8:27 of 3rd period - Snap shot by Paul Kariya.
8:27 of 3rd period - Shot Misses the Net.
8:41 of 3rd period - Loui Eriksson is hit by Brendon Nash and loses puck.
9:01 of 3rd period - Minor Penalty to Mike Green for Hooking.
9:02 of 3rd period - Nik Antropov wins face-off versus Tim Connolly in Blues zone.
9:31 of 3rd period - Slapshot by Wade Redden.
9:31 of 3rd period - Deflect By Tim Connolly.
9:31 of 3rd period - Goal by Tim Connolly - Blues : 1 - Coyotes : 3.
9:32 of 3rd period - Tim Connolly wins face-off versus Nicklas Backstrom in neutral zone.
9:35 of 3rd period - Wrist shot by Marian Gaborik.
9:35 of 3rd period - Stopped by Tuukka Rask with a rebound.
9:53 of 3rd period - Minor Penalty to Tyler Ennis for Delaying the game.
9:54 of 3rd period - Travis Zajac wins face-off versus Drew Miller in Coyotes zone.
11:01 of 3rd period - Erik Cole is hit by Kevin Shattenkirk.
11:53 of 3rd period - Penalty to Tyler Ennis is over, Tyler Ennis is back on ice.
11:55 of 3rd period - Snap shot by Tyler Ennis.
11:55 of 3rd period - Stopped by Tuukka Rask with a rebound.
12:11 of 3rd period - Wrist shot by Tim Connolly.
12:11 of 3rd period - Stopped by Tuukka Rask with a rebound.
12:13 of 3rd period - Snap shot by Wade Redden.
12:13 of 3rd period - Stopped by Tuukka Rask without a rebound.
12:14 of 3rd period - Nik Antropov wins face-off versus Tim Connolly in Blues zone.
12:37 of 3rd period - Andrew Cogliano is hit by Nazem Kadri and loses puck.
13:25 of 3rd period - Slapshot by Mike Green.
13:25 of 3rd period - Deflect By David Perron.
13:25 of 3rd period - Shot Misses the Net.
13:25 of 3rd period - Puck is out of play.
13:26 of 3rd period - Tim Connolly wins face-off versus Travis Zajac in Coyotes zone.
13:33 of 3rd period - Snap shot by David Perron.
13:33 of 3rd period - Shot Hit the Post.
13:35 of 3rd period - Snap shot by David Perron.
13:35 of 3rd period - Shot Misses the Net.
13:37 of 3rd period - Snap shot by David Perron.
13:37 of 3rd period - Shot Blocked by Wade Redden.
13:39 of 3rd period - Slapshot by Mike Green.
13:39 of 3rd period - Shot Misses the Net.
13:41 of 3rd period - Slapshot by Travis Zajac.
13:41 of 3rd period - Stopped by Ryan Miller with a rebound.
14:25 of 3rd period - Slapshot by Andrew Cogliano.
14:25 of 3rd period - Stopped by Ryan Miller with a rebound.
14:43 of 3rd period - Drew Fata is hit by Jonathan Tremblay and loses puck.
15:07 of 3rd period - Loui Eriksson is hit by Marian Gaborik and loses puck.
16:01 of 3rd period - Taylor Pyatt is hit by Jan Hlavac and loses puck.
16:12 of 3rd period - Erik Christensen is hit by Taylor Pyatt and loses puck.
16:21 of 3rd period - Bryce Lampman is hit by Anton Stralman and loses puck.
16:31 of 3rd period - Snap shot by Jan Hlavac.
16:31 of 3rd period - Stopped by Tuukka Rask with a rebound.
16:33 of 3rd period - Wrist shot by Jonathan Tremblay.
16:33 of 3rd period - Shot Misses the Net.
16:35 of 3rd period - Wrist shot by Jan Hlavac.
16:35 of 3rd period - Stopped by Tuukka Rask without a rebound.
16:36 of 3rd period - Nik Antropov wins face-off versus Nazem Kadri in Blues zone.
16:38 of 3rd period - Minor Penalty to Andrew Cogliano for Holding.
16:39 of 3rd period - Nik Antropov wins face-off versus Tim Connolly in Blues zone.
17:14 of 3rd period - Snap shot by Tyler Ennis.
17:14 of 3rd period - Stopped by Tuukka Rask with a rebound.
17:26 of 3rd period - Minor Penalty to Marian Gaborik for Tripping.
17:27 of 3rd period - Nik Antropov wins face-off versus Tim Connolly in Coyotes zone.
17:51 of 3rd period - Icing by Sergei Shirokov.
17:52 of 3rd period - Nik Antropov wins face-off versus Tim Connolly in Coyotes zone.
18:25 of 3rd period - Wrist shot by Travis Zajac.
18:25 of 3rd period - Shot Blocked by Sergei Shirokov.
18:27 of 3rd period - Wrist shot by Joe Pavelski.
18:27 of 3rd period - Shot Blocked by Denis Grebeshkov.
18:33 of 3rd period - Snap shot by Travis Zajac.
18:33 of 3rd period - Stopped by Ryan Miller with a rebound.
18:38 of 3rd period - Penalty to Andrew Cogliano is over, Andrew Cogliano is back on ice.
18:43 of 3rd period - Paul Kariya is hit by Denis Grebeshkov and loses puck.
18:58 of 3rd period - Slapshot by Nicklas Backstrom.
18:58 of 3rd period - Shot Misses the Net.
19:00 of 3rd period - Snap shot by David Perron.
19:00 of 3rd period - Goal by David Perron - Blues : 2 - Coyotes : 3.
19:01 of 3rd period - Frans Nielsen wins face-off versus Nicklas Backstrom in neutral zone.
19:14 of 3rd period - Blues, Tuukka Rask is pulled from the net.
19:27 of 3rd period - Major / Game Misconduct Penalty to Matt Taormina for Attempt to injure.
19:27 of 3rd period - Matt Taormina is ejected from game.
19:28 of 3rd period - Drew Miller wins face-off versus Travis Zajac in Coyotes zone.
Goals for this period are 2 for Blues vs 1 for Coyotes.
Shots for this period are 19 for Blues vs 11 for Coyotes.


Output by the SimonT Hockey Simulator (STHS) for François Prévost -- Original Page W3C XHTML 1.0 Valid
Hockey Simulator - Hockey Simulation - Hockey Manager